 Dungeon Crawl Stone Soup version 0.27-a0-808-g60bc5d92e6 (webtiles) character file.

Game seed: 801074137086008010

27 rageheart7 the Magician (level 2, 0/19 HPs)
             Began as a Demonspawn Wanderer on Mar 28, 2021.
             Succumbed to an adder's poison
             ... on level 2 of the Dungeon.
             The game lasted 00:01:56 (1049 turns).

rageheart7 the Magician (Demonspawn Wanderer)       Turns: 1049, Time: 00:01:57

Health: 0/19       AC:  2    Str: 10    XL:     2   Next: 93%
Magic:  5/7        EV: 11    Int: 13    God:
Gold:   36         SH:  0    Dex: 14    Spells: 8/9 levels left

rFire    . . .     SeeInvis .   a - +2 hand crossbow
rCold    . . .     Faith    .   (no shield)
rNeg     . . .     Spirit   .   f - +0 robe
rPois    .         Reflect  .   (no helmet)
rElec    .         Harm     .   (no cloak)
rCorr    .         Rampage  .   (no gloves)
Will     .....                  (no boots)
Stlth    ++........             (no amulet)
HPRegen  0.06/turn              (no ring)
MPRegen  0.10/turn              (no ring)

@: brilliant, lethally poisoned (0 -> -8), very slightly contaminated
A: powered by pain 1
a: no special abilities


You were on level 2 of the Dungeon.
You visited 1 branch of the dungeon, and saw 2 of its levels.

You collected 36 gold pieces.

Inventory:

Hand Weapons
 a - a +2 hand crossbow (weapon)
 c - a +0 shortbow
 i - a +0 mace
Missiles
 b - 16 bolts (quivered ammo)
 d - 21 arrows
Armour
 f - a +0 robe (worn)
Jewellery
 h - a +4 ring of evasion
Scrolls
 g - a scroll of magic mapping {unknown}
Potions
 j - a potion of heal wounds {unknown}


   Skills:
 - Level 1.7 Crossbows
 - Level 1.0 Armour
 - Level 1.0 Stealth
 * Level 4.2 Spellcasting
 * Level 1.3 Summonings
 * Level 1.8 Poison Magic
 - Level 1.0 Evocations


You had 8 spell levels left.
You knew the following spells:

 Your Spells              Type           Power      Damage    Failure   Level
a - Summon Small Mammal   Summ           36%        N/A       12%         1

Your spell library contained the following spells:

 Spells                   Type           Power      Damage    Failure   Level
 Summon Guardian Golem    Hex/Summ       6%         N/A       43%         3


Dungeon Overview and Level Annotations

Branches:
Dungeon (2/15)

Altars:
Okawaru


Innate Abilities, Weirdness & Mutations

You sometimes gain a little power by taking damage.


Message History

An adder is nearby!
You shoot a bolt. The bolt hits the adder.
The adder is heavily wounded.
You shoot a bolt. The bolt misses the adder.
You shoot a bolt. The bolt barely misses the adder.
Casting: Summon Small Mammal (safe; 12% risk of failure)
Confirm with . or Enter, or press ? or * to list all spells.
The adder bites you but does no damage. The adder bites you.
Your rat barely misses the adder.
Casting: Summon Small Mammal (safe; 12% risk of failure)
Confirm with . or Enter, or press ? or * to list all spells.
The adder bites you.
Your rat closely misses the adder.
Casting: Summon Small Mammal (safe; 12% risk of failure)
Confirm with . or Enter, or press ? or * to list all spells.
You miscast Summon Small Mammal.
You are very lightly contaminated with residual magic.
Nothing appears to happen.
The adder bites you.
You are poisoned.
The adder poisons you!
Your bat misses the adder. The adder closely misses you.
Your rat bites the adder.
You feel sick.
Your bat hits the adder.
Your bat barely misses the adder.
Your rat closely misses the adder.
You feel sick.
Your bat closely misses the adder.
You feel sick. The adder bites you.
Fire: 17 bolts
Press: ? - help, Q - select action, (/) - cycle Shift-Dir - straight line, f/p - adder
Aim: an adder (severely wounded, ally target, 48% to hit)
Really fire in your rat's direction?
You shoot a bolt. The bolt closely misses the adder.
The bolt closely misses your rat.
You feel sick.
You are no longer poisoned.
Your bat misses the adder. The adder bites you.
* * * LOW HITPOINT WARNING * * *
You are lethally poisoned!
The adder poisons you!
Your rat misses the adder.
It was a potion of brilliance.
You feel clever all of a sudden.
You die...

.........# #.>.........
.........## #...(.......
..........## #..........
...........####.........
.............##...######
##...###.##..##b..#
#..## #.##...#.r.# .....
#..##....S.# ..###
.#.####..@.# .. . ..
#.....# #. #........
######.#... .# .. .# .


You could see an adder (ally target), a friendly bat (summoned) and a friendly
rat (summoned).

Vanquished Creatures
  2 dart slugs (D:1)
  3 bats (D:1)
  3 endoplasms (D:1)
  A giant cockroach (D:2)
  A goblin (D:1)
  A hobgoblin (D:1)
  A jackal (D:1)
  A quokka (D:1)
  A ball python (D:1)
  2 frilled lizards (D:1)
  2 kobolds (D:1)
  A rat (D:1)
19 creatures vanquished.

Vanquished Creatures (collateral kills)
  A jackal (D:1)
  A bat (D:1)
2 creatures vanquished.

Grand Total: 21 creatures vanquished

Notes
Turn   | Place    | Note
-------+----------+-------------------------------------------
     0 | D:1      | rageheart7 the Demonspawn Wanderer began the quest for the
                  | Orb.
     0 | D:1      | rageheart7 set off with the following items: a +2 hand
                  | crossbow, 25 bolts, a +0 shortbow, 21 arrows, a +0 robe;
                  | and the following spell memorised: Summon Small Mammal; and
                  | the following spells available to memorise: Summon Guardian
                  | Golem
     0 | D:1      | Reached XP level 1. HP: 13/13 MP: 5/5
   175 | D:1      | Gained mutation: You sometimes gain a little power by
                  | taking damage. [demonic ancestry]
   175 | D:1      | Reached XP level 2. HP: 19/19 MP: 7/7
   374 | D:1      | Reached skill level 1 in Summonings
   550 | D:1      | Found an iron altar of Okawaru.
  1049 | D:2      | Succumbed to an adder's poison

Illustrated notes

Levels and vault maps discovered:
D:1:      minmay_arrival_doors, layout_basic, okawaru_ov_weapons_minmay
D:2:      layout_rooms, kiku_gazebo_pond_becter, st_stairs_11, fedhas_altar_3

Skill      XL: |  1  2 |
---------------+-------+-----
Summonings     | 1 |  1.3
Crossbows      | |  1.7
Armour         | |  1.0
Stealth        | |  1.0
Spellcasting   | |  4.2
Poison Magic   | |  1.8
Evocations     | |  1.0

Action                   || total
-------------------------++-------
Melee: Hand crossbow     ||     1
 Fire: Hand crossbow     ||    39
 Cast: Summon Small Mamm ||    11
  Use: Potion            ||     1
Armor: Robe              ||     9
Dodge: Dodged            ||    16

Table legend: (Time is in decaauts)
 A = Elapsed time spent in this place.
 B = Non-inter-level travel time spent in this place.
 C = Inter-level travel time spent in this place.
 D = Time resting spent in this place.
 E = Time spent auto-exploring this place.
 F = Levels seen in this place.
 G = Mean time per level.
                   A        B        C        D        E       F      G
               +--------+--------+--------+--------+--------+-----+--------+
         Total |   1065 |   1045 |     20 |      0 |    883 |   2 |  532.5 |
       Dungeon |   1065 |   1045 |     20 |      0 |    883 |   2 |  532.5 |
               +--------+--------+--------+--------+--------+-----+--------+

Top non-repeatable levels by time:
     D:1: 1023 daAuts
     D:2: 42 daAuts
